AoeStats
← {WaZzU'P} Recluta4!

Black Forest

507874391Analyzed
4v4 RM · 12d ago on Sep 20, 2026· 45m 21s· 8 players
Game mode
Random Map
Map size
Large (8 player)
Population
200
Speed
Normal
Resources
Standard
Victory
Conquest
Starting age
Dark Age
Ending age
Imperial Age
RankedLock teamsTeams togetherTeam positionsShared explorationLock speedFull tech treeHidden civsTurbo modeCheats
Victory
Defeat
🇺🇸 Persians · United States
1210
+17
🇺🇸 Spanish · United States
1208
+17
🇺🇸 Portuguese · United States
1205
+17
🇺🇸 Huns · United States
1176
+18
🇨🇴 Saracens · Colombia
1286
-19
🇨🇴 Goths · Colombia
1262
-19
🇨🇴 Koreans · Colombia
1201
-16
🇲🇽 Aztecs · Mexico
1162
-15
Ragnarok
9:05 Loom
11:37 Feudal Age
15:55 Castle Age
14:27 Double-Bit Axe
14:37 Horse Collar
17:08 Wheelbarrow
16:58 Bow Saw
19:02 Fletching
29:22 Imperial Age
28:21 Hand Cart
28:10 Gold Mining
28:11 Stone Mining
28:32 Town Watch
31:16 Chemistry
30:46 Conscription
30:56 Thumb Ring
30:52 Padded Archer Armor
31:44 Leather Archer Armor
32:30 Fishing Lines
33:22 Ring Archer Armor
{WaZzU'P} Recluta4!
6:33 Loom
11:58 Feudal Age
16:47 Castle Age
14:45 Horse Collar
14:51 Double-Bit Axe
17:40 Bow Saw
17:32 Heavy Plow
19:16 Wheelbarrow
18:59 Town Watch
24:11 Stone Mining
26:06 Hand Cart
28:37 Imperial Age
26:25 Gold Mining
26:42 Scale Barding Armor
26:59 Forging
28:19 Chain Barding Armor
28:47 Iron Casting
29:17 Bloodlines
28:40 Capped Ram
29:33 Citadels
30:00 Plate Barding Armor
30:46 Devotion
30:08 Light Cavalry
31:18 Onager
32:28 Conscription
33:09 Blast Furnace
32:22 Masonry
32:15 Husbandry
34:14 Chemistry
32:49 Elite War Elephant
35:43 Siege Ram
38:37 Faith
38:58 Caravan
41:49 Crop Rotation
42:23 Two-Man Saw
41:28 Town Patrol
42:06 Gold Shaft Mining
42:06 Stone Shaft Mining
42:43 Hussar
iamjhing
2:44 Loom
12:20 Feudal Age
12:57 Double-Bit Axe
17:45 Castle Age
15:57 Gold Mining
16:29 Fletching
16:22 Horse Collar
18:43 Bow Saw
18:00 Crossbowman
21:01 Wheelbarrow
24:19 Bodkin Arrow
29:30 Heavy Plow
32:38 Imperial Age
30:31 Stone Mining
32:01 Hand Cart
33:01 Scale Mail Armor
33:13 Forging
32:31 Pikeman
34:29 Chemistry
33:50 Ballistics
34:00 Town Watch
34:36 Caravan
34:50 Bracer
35:05 Chain Mail Armor
35:36 Crop Rotation
35:02 Halberdier
36:44 Ballistics
37:36 Plate Mail Armor
38:29 Iron Casting
42:35 Blast Furnace
evil
10:57 Feudal Age
11:34 Double-Bit Axe
13:06 Gold Mining
16:36 Castle Age
17:47 Bow Saw
18:49 Wheelbarrow
18:10 Horse Collar
24:59 Coinage
25:18 Gold Shaft Mining
31:15 Imperial Age
28:32 Town Watch
28:33 Loom
29:51 Bloodlines
29:42 Husbandry
29:33 Fletching
29:44 Padded Archer Armor
30:09 Hand Cart
30:35 Bodkin Arrow
30:56 Leather Archer Armor
31:06 Ballistics
30:54 Light Cavalry
31:53 Thumb Ring
32:24 Parthian Tactics
32:02 Bracer
33:32 Two-Man Saw
32:43 Heavy Plow
35:10 Chemistry
34:49 Banking
34:15 Heavy Cavalry Archer
34:42 Capped Ram
36:43 Siege Ram
Gutys08
0:30 Loom
14:24 Feudal Age
14:57 Horse Collar
15:06 Double-Bit Axe
18:50 Castle Age
17:54 Wheelbarrow
17:30 Town Watch
24:02 Fletching
26:31 Bow Saw
32:27 Heavy Plow
34:33 Scale Barding Armor
34:38 Forging
37:52 Imperial Age
36:43 Iron Casting
36:44 Padded Archer Armor
36:43 Bodkin Arrow
38:54 Leather Archer Armor
41:25 Ring Archer Armor
40:55 Bracer
Zell
5:02 Loom
12:26 Feudal Age
13:43 Wheelbarrow
17:32 Castle Age
15:34 Double-Bit Axe
16:28 Horse Collar
17:03 Stone Mining
17:04 Gold Mining
19:04 Scale Mail Armor
20:03 Bow Saw
20:19 Heavy Plow
20:48 Stone Mining
23:39 Hand Cart
30:28 Imperial Age
28:32 Chain Mail Armor
28:28 Forging
29:13 Squires
29:35 Anarchy
30:48 Iron Casting
31:36 Conscription
32:34 Chemistry
32:53 Blast Furnace
33:23 Two-Man Saw
33:23 Perfusion
34:38 Fletching
39:57 Elite Huskarl
AMartinez__
4:43 Loom
9:54 Feudal Age
16:46 Castle Age
14:39 Double-Bit Axe
16:48 Horse Collar
22:25 Bow Saw
26:32 Fishing Lines
33:21 Imperial Age
31:32 Town Watch
33:13 Heavy Plow
35:09 Chemistry
36:41 Forging
36:31 Scale Mail Armor
36:08 Pikeman
36:48 Squires
41:38 Iron Casting
41:18 Chain Mail Armor
42:00 Ballistics
Tlacaelel.MX
0:40 Loom
11:57 Feudal Age
19:03 Castle Age
17:40 Double-Bit Axe
22:25 Wheelbarrow
23:30 Bow Saw
23:44 Fishing Lines
27:40 Fervor
27:30 Horse Collar
28:05 Gillnets
28:33 Redemption
29:12 Hand Cart
31:57 Gold Mining
32:07 Stone Mining
32:39 Sanctity
36:24 Imperial Age
33:48 Fletching
34:10 Heavy Plow
33:50 Pikeman
34:53 Scale Mail Armor
36:22 Bodkin Arrow
37:35 Chain Mail Armor
Connection lost

Rejoining the realm…

Still unreachable

The connection could not be restored.

Session expired

The server has moved on; the page needs a fresh start.